 Dungeon Crawl Stone Soup version 0.25.1-2-g60ff931df9 (webtiles) character file.

Game seed: 3807626594845712773

474 Oddba11 the Chopper (level 6, 0/117 HPs)
             Began as a Minotaur Fighter on Sept 1, 2020.
             Succumbed to a killer bee's poison
             ... on level 4 of the Dungeon.
             The game lasted 00:06:38 (2467 turns).

Oddba11 the Chopper (Minotaur Fighter)              Turns: 2467, Time: 00:06:38

Health: 0/117      AC: 23    Str: 19 (20) XL:     6   Next: 84%
Magic:  0/5        EV:  2    Int:  2 (5)  God:
Gold:   179        SH: 10    Dex: 12      Spells: 5/5 levels left

rFire    + . .     SeeInvis +   a - +0 war axe
rCold    + . .     Gourm    .   c - +0 kite shield
rNeg     + + +     Faith    .   (armour currently unavailable)
rPois    +         Spirit   +   (helmet currently unavailable)
rElec    +         Reflect  .   (cloak currently unavailable)
rCorr    +         Harm     .   (gloves currently unavailable)
MR       .....     NoTele   +   (boots currently unavailable)
Stlth    ..........             n - amulet of guardian spirit (curse)
HPRegen  0.29/turn              j - ring of resist corrosion
MPRegen  0.09/turn              l - ring of see invisible

@: berserking, lethally poisoned (0 -> -11), tree-form, resistant, very quick
A: (retaliatory headbutt), rugged brown scales 1, frail 1
a: no special abilities


You were on level 4 of the Dungeon.
You were not hungry.
You were a tree.
You visited 1 branch of the dungeon, and saw 4 of its levels.

You collected 179 gold pieces.

Inventory:

Hand Weapons
 a - a +0 war axe (weapon)
Missiles
 D - 6 javelins (quivered)
Armour
 b - a +0 scale mail (melded)
 c - a +0 kite shield (worn)
 p - a +0 pair of boots (melded)
 y - a +0 pair of gloves (melded)
Jewellery
 j - a ring of resist corrosion (left branch)
 l - a ring of see invisible (right branch)
 n - a cursed amulet of guardian spirit (around neck)
Wands
 d - a wand of random effects (21)
 F - a wand of iceblast (4)
Scrolls
 i - a scroll of magic mapping {unknown}
 k - 4 scrolls of teleportation {unknown}
 m - 5 scrolls of enchant armour {unknown}
 q - a scroll of fear {unknown}
 s - 3 scrolls of identify {unknown}
 t - a scroll of remove curse {unknown}
 v - 2 scrolls of blinking {unknown}
 x - a scroll of random uselessness {unknown}
 A - 2 scrolls of amnesia {unknown}
 E - a scroll of fog {unknown}
Potions
 e - a potion of resistance
 o - a potion of lignification
 u - a potion of ambrosia {unknown}
 w - a potion of cancellation {unknown}
 B - 2 potions of heal wounds {unknown}
Comestibles
 f - 8 rations
 C - 6 chunks of flesh


   Skills:
 + Level 5.0 Fighting
 * Level 5.4 Axes
 + Level 5.1 Armour
 + Level 2.9 Dodging
 + Level 4.9 Shields


You had 5 spell levels left.
You didn't know any spells.
Your spell library was empty.

Dungeon Overview and Level Annotations

Branches:
Dungeon (4/15)
 Temple: D:4-7

Altars:


Innate Abilities, Weirdness & Mutations

((You reflexively headbutt those who attack you in melee.))
((You have a pair of horns on your head.))
(You are partially covered in rugged brown scales. (AC +1, +3% HP))
You are frail. (-10% HP)


Message History

You closely miss the killer bee. You miss the killer bee.
* * * LOW HITPOINT WARNING * * *
You feel sick. The killer bee completely misses you.
You block the killer bee's attack. x2
Unknown command.
You miss the killer bee. You slash the killer bee!
You kill the killer bee!
You feel your dexterity returning.
Your Fighting skill increases to level 5!
* * * LOW HITPOINT WARNING * * *
You feel sick.
The killer bee stings you but does no damage.
You block the killer bee's attack.
You barely miss the killer bee.
* * * LOW HITPOINT WARNING * * *
You feel sick. You block the killer bee's attack.
The killer bee stings you but does no damage.
Some of the chunks of flesh in your inventory have rotted away.
You closely miss the killer bee.
You die...

#.##############
#.# #.# #.# #.#
#.# #.########
####.........
#†♣..########
#y#.........
#.##########
#...yyy...
#.##.y.... #...
y.... #... ....
#.... ### #....


You could see a killer bee.

Vanquished Creatures
  An ice beast (D:2)
  5 killer bees (D:4)
  Jessica (D:2)
  Terence (D:2)
  4 adders
  An ooze (D:3)
  2 worms
  A dart slug (D:1)
  2 leopard geckos
  2 orcs (D:3)
  2 giant cockroaches
  10 goblins
  4 hobgoblins
  4 jackals (D:2)
  6 kobolds
  2 quokkas
  4 bats
  2 frilled lizards
  6 rats
60 creatures vanquished.

Notes
Turn   | Place    | Note
-------+----------+-------------------------------------------
     0 | D:1      | Oddba11 the Minotaur Fighter began the quest for the Orb.
     0 | D:1      | Reached XP level 1. HP: 19/19 MP: 0/0
   282 | D:1      | Reached XP level 2. HP: 25/27 MP: 1/1
   705 | D:2      | Noticed Jessica
   722 | D:2      | Killed Jessica
   722 | D:2      | Reached skill level 1 in Dodging
   722 | D:2      | Reached XP level 3. HP: 5/33 MP: 2/2
  1044 | D:2      | Found a faded altar of an unknown god.
  1084 | D:2      | Noticed an ice beast
  1098 | D:2      | Killed an ice beast
  1098 | D:2      | Reached XP level 4. HP: 8/41 MP: 3/3
  1098 | D:2      | Reached XP level 5. HP: 9/47 MP: 4/4
  1632 | D:2      | Noticed Terence
  1641 | D:2      | Killed Terence
  2448 | D:4      | Reached XP level 6. HP: 53/53 MP: 5/5
  2450 | D:4      | Reached skill level 5 in Axes
  2452 | D:4      | Reached skill level 5 in Armour
  2457 | D:4      | Gained mutation: You are frail. (-10% HP) [potion of
                  | mutation]
  2457 | D:4      | Gained mutation: Scrolls take you a little longer to read.
                  | [potion of mutation]
  2457 | D:4      | Lost mutation: Scrolls take you a little longer to read.
                  | [potion of mutation]
  2457 | D:4      | Gained mutation: You are partially covered in rugged brown
                  | scales. (AC +1, +3% HP) [potion of mutation]
  2463 | D:4      | HP: 5/114 [killer bee (2)]
  2465 | D:4      | Reached skill level 5 in Fighting
  2465 | D:4      | HP: 2/117 [poisoned by a killer bee]
  2467 | D:4      | Succumbed to a killer bee's poison

Illustrated notes

Levels and vault maps discovered:
D:1:      minmay_arrival_diagonal_passages, layout_loops_ring
D:2:      layout_loops_cross, chequers_ecumenical_altar_simple_redux,
          first_ration, nrook_mini_vaults, minmay_pentomino_p2, uniq_jessica,
          uniq_terence
D:3:      layout_rooms, serial_bayou_crossing
D:4:      layout_basic, serial_shops, shop

Skill      XL: |  1  2  3  4  5  6 |
---------------+-------------------+-----
Axes           | 3 4 5 |  5.4
Fighting       | 4 5 |  5.0
Armour         | 4 5 |  5.1
Dodging        | 1 2 |  2.9
Shields        | 4 |  4.9

Action                   |  1- 3 |  4- 6 || total
-------------------------+-------+-------++-------
Melee: War axe           |    63 |    87 ||   150
       Headbutt          |     8 |    10 ||    18
Evoke: Wand              |       |     5 ||     5
  Use: Potion            |     1 |     5 ||     6
  Eat: Chunk             |     1 |     4 ||     5
Armor: Scale mail        |    27 |    33 ||    60
       Skin              |       |    11 ||    11
Dodge: Dodged            |    18 |    28 ||    46
Block: Kite shield       |    32 |    54 ||    86
